Map: Deathaura LE

Players

RazerBlader - Winner!

  • Race: Terran Terran
  • League: Master
  • Spawn Location: 5:00

MèoMáiKà (MeomaikA)

  • Race: Zerg Zerg
  • League: Grandmaster
  • Spawn Location: 11:00

Event: DreamHack SC2 Masters 2020 Winter

VOD

Have the link to the VOD?

Description

Time

  • Played on: Oct. 22, 2020, 7:34 a.m.
  • Length: 9:48

All games in this series

Show
View Real Time Build Order
Export as new Build Order

RazerBlader Terran - Winner!

Build Orders: Hellion Opening, Liberator Opening, Reaper Expand 

Get SALT Encoding   

  12  0:00  SCV  
  13  0:12  SCV  
  14  0:17  Supply Depot  
  14  0:24  SCV  
  15  0:38  SCV  
  15  0:39  Barracks  
  16  0:43  Refinery  
  16  0:51  SCV  
  17  1:03  SCV  
  18  1:15  SCV  
  19  1:26  Reaper  
  19  1:27  Orbital Command  
  20  1:39  Command Center  
  20  1:48  Supply Depot  
  20  1:53  SCV  
  21  1:58  Marine  
  22  2:05  SCV  
  23  2:12  Factory  
  23  2:14  Bunker  
  23  2:17  SCV  
  23  2:21  Barracks Reactor  
  24  2:26  Refinery  
  24  2:29  SCV  
  25  2:41  SCV  
  26  2:51  Orbital Command  
  26  2:54  SCV  
  26  2:56  Starport  
  27  3:03  Hellion x2  
  31  3:06  SCV  
  33  3:13  Barracks Tech Lab  
  33  3:17  SCV  
  33  3:18  SCV, Supply Depot  
  36  3:27  Hellion x2  
  36  3:29  SCV  
  36  3:34  SCV  
  40  3:36  Viking  
  42  3:41  SCV  
  42  3:44  Supply Depot  
  42  3:46  SCV  
  44  3:50  Hellion  
  44  3:51  Hellion  
  48  3:56  SCV  
  48  4:00  Stimpack, Marine  
  50  4:04  SCV  
  50  4:08  Liberator  
  57  4:17  Hellion x2  
  57  4:18  SCV x2  
  57  4:22  Supply Depot  
  59  4:28  Supply Depot  
  59  4:30  SCV x2  
  61  4:41  Command Center  
  61  4:42  SCV  
  61  4:44  SCV  
  63  4:49  Barracks  
  63  4:52  Starport Reactor  
  63  4:53  Factory Reactor  
  63  4:56  Barracks  
  63  4:57  SCV  
  63  5:00  Marine  
  63  5:03  SCV, Engineering Bay  
  63  5:04  Engineering Bay  
  65  5:11  SCV  
  66  5:14  Refinery  
  66  5:15  Refinery  
  66  5:18  Marine  
  66  5:19  SCV  
  68  5:25  SCV  
  69  5:31  SCV  
  70  5:36  Widow Mine x2  
  70  5:37  Marine x2  
  70  5:38  Marine  
  70  5:39  Terran Infantry Weapons Level 1, Terran Infantry Armor Level 1  
  70  5:40  SCV  
  78  5:43  Combat Shield  
  78  5:45  Starport Reactor  
  78  5:47  SCV  
  77  5:55  Marine  
  78  5:58  SCV  
  78  5:59  SCV, Orbital Command  
  78  6:01  Widow Mine  
  78  6:02  Widow Mine  
  78  6:03  Marine  
  78  6:04  Marine x2, Barracks  
  85  6:05  Barracks  
  85  6:10  SCV  
  88  6:13  SCV  
  88  6:15  Marine x2  
  91  6:19  Supply Depot  
  91  6:20  Marine  
  91  6:21  Armory  
  92  6:26  SCV  
  92  6:27  Orbital Command  
  92  6:30  Medivac x2  
  97  6:35  Missile Turret  
  97  6:37  Supply Depot  
  97  6:38  SCV  
  97  6:39  Marine x2  
  100  6:40  Marine x2  
  100  6:43  SCV  
  103  6:50  SCV  
  103  6:51  Widow Mine  
  106  6:55  SCV  
  106  6:58  Marine  
  106  7:00  Widow Mine  
  106  7:01  Barracks Reactor  
  110  7:02  Barracks Reactor, SCV  
  110  7:08  SCV x2  
  112  7:09  Medivac x2  
  112  7:14  Factory  
  117  7:19  SCV  
  117  7:20  SCV x2  
  117  7:22  Supply Depot, Marine x2  
  122  7:23  Supply Depot  
  122  7:28  Marine, Widow Mine  
  125  7:30  Marine  
  125  7:32  SCV x2  
  125  7:34  SCV, Widow Mine  
  126  7:40  Medivac x2  
  126  7:43  Marine x2  
  126  7:44  SCV, Refinery  
  129  7:54  Marine x2  
  129  7:56  Marine x2  
  129  7:59  SCV x2  
  129  8:03  Marine  
  132  8:10  Medivac, Widow Mine, Marine  
  132  8:11  Widow Mine, Factory Tech Lab  
  139  8:14  SCV, Marine  
  139  8:15  Marine x3  
  139  8:19  Marine  
  142  8:20  Marine  
  143  8:27  Medivac, Marine x2  
  143  8:28  Marine  
  143  8:32  Marine  
  149  8:35  Supply Depot  
  137  8:43  Marine x2  
  137  8:44  Marine  
  137  8:48  Widow Mine x2  
  143  8:50  Marine x2  
  143  8:52  Widow Mine  
  143  8:53  Marine x2  
  143  8:54  Command Center  
  149  8:56  Marine  
  149  8:59  Marine  
  149  9:02  Marine x2  
  146  9:03  Marine  
  146  9:05  SCV  
  146  9:07  SCV  
  146  9:08  Marine x2  
  146  9:09  Widow Mine  
  154  9:10  Marine  
  154  9:11  Marine  
  154  9:14  Marine  
  154  9:17  Marine  
  157  9:20  Marine x2  
  157  9:21  Marine  
  157  9:22  Widow Mine  
  159  9:26  Marine x2  
  159  9:28  Marine x2  
Show
View Real Time Build Order
Export as new Build Order

MèoMáiKà Zerg 

Build Orders: Pool First 

Get SALT Encoding   

  12  0:00  Drone  
  13  0:08  Drone  
  14  0:16  Overlord  
  14  0:24  Drone, Extractor  
  15  0:35  Drone x2  
  17  0:44  Spawning Pool  
  17  0:47  Drone  
  17  1:07  Hatchery  
  17  1:10  Drone  
  17  1:12  Extractor  
  17  1:15  Drone  
  17  1:18  Drone  
  18  1:30  Zergling x2  
  18  1:32  Queen  
  21  1:37  Drone  
  22  1:47  Overlord  
  22  2:05  Drone  
  22  2:07  Queen  
  25  2:10  Drone  
  25  2:11  Metabolic Boost  
  26  2:18  Drone  
  26  2:20  Drone  
  28  2:30  Drone x2  
  30  2:39  Drone x3  
  33  2:44  Hatchery  
  33  2:46  Drone  
  33  2:49  Drone  
  34  2:53  Evolution Chamber  
  34  2:55  Drone  
  34  3:00  Overlord  
  34  3:03  Drone  
  34  3:05  Drone  
  36  3:12  Lair  
  36  3:15  Overlord  
  36  3:19  Zergling x4  
  38  3:21  Zergling x2  
  38  3:25  Zerg Melee Weapons Level 1  
  38  3:27  Extractor  
  38  3:28  Drone  
  38  3:29  Drone  
  38  3:32  Drone  
  38  3:34  Drone  
  42  3:36  Zergling x2  
  42  3:37  Zergling x2  
  42  3:40  Drone  
  45  3:43  Drone  
  45  3:45  Drone x2  
  45  3:47  Drone  
  50  3:55  Drone x2  
  50  3:56  Extractor  
  50  4:02  Drone x3  
  53  4:12  Zergling x2  
  53  4:13  Zergling x2  
  53  4:14  Drone x2  
  53  4:15  Drone  
  58  4:18  Spire  
  58  4:19  Drone  
  58  4:32  Overlord  
  58  4:33  Spine Crawler  
  58  4:35  Overlord  
  58  4:38  Overlord  
  57  4:51  Drone  
  58  4:53  Zergling x4, Queen x3  
  58  4:57  Zergling x2  
  58  4:59  Zergling x2  
  67  5:02  Zergling x4  
  67  5:03  Zergling x2  
  67  5:04  Zergling x2  
  71  5:13  Drone x2  
  71  5:14  Overlord, Drone  
  73  5:29  Queen  
  73  5:32  Queen  
  76  5:39  Mutalisk x3  
  76  5:40  Overlord  
  82  5:48  Overlord  
  82  5:50  Zerg Melee Weapons Level 2  
  82  5:51  Overlord  
  82  5:52  Zerg Flyer Weapons Level 1  
  82  5:54  Overlord  
  81  6:01  Drone x7, Extractor  
  81  6:02  Extractor  
  81  6:03  Drone  
  86  6:06  Mutalisk  
  86  6:11  Mutalisk  
  88  6:13  Drone x2  
  92  6:22  Drone  
  92  6:23  Drone x3  
  95  6:30  Mutalisk  
  95  6:31  Mutalisk  
  99  6:35  Mutalisk  
  99  6:38  Drone x2  
  103  6:40  Hatchery  
  103  6:42  Zergling x2  
  103  6:43  Zergling x4  
  103  6:44  Drone  
  103  6:45  Drone  
  107  6:47  Mutalisk  
  107  6:48  Extractor  
  107  6:53  Mutalisk  
  109  6:55  Zergling x8  
  109  7:00  Overlord  
  113  7:06  Overlord  
  113  7:07  Overlord, Overseer, Drone  
  113  7:08  Pneumatized Carapace  
  113  7:18  Drone x3  
  113  7:19  Zergling x6, Drone  
  113  7:20  Zergling x2  
  121  7:24  Overlord, Mutalisk, Queen  
  121  7:27  Mutalisk  
  127  7:33  Mutalisk x2  
  131  7:40  Drone x2  
  133  7:46  Drone, Baneling Nest  
  133  7:49  Mutalisk x2  
  137  7:55  Extractor  
  137  7:57  Drone  
  137  7:58  Drone x8  
  145  8:00  Mutalisk, Extractor  
  141  8:09  Mutalisk  
  129  8:14  Drone  
  129  8:15  Drone x2  
  129  8:16  Mutalisk  
  134  8:28  Zergling x2  
  134  8:29  Overlord x3  
  134  8:34  Overlord  
  135  8:37  Zergling x2  
  135  8:38  Zergling x8  
  120  8:41  Mutalisk  
  120  8:43  Mutalisk, Queen x3  
  124  8:49  Mutalisk  
  124  8:52  Zergling x6  
  124  8:54  Mutalisk  
  131  9:02  Mutalisk x2  
  121  9:07  Zergling x2  
  121  9:08  Zergling x4  
  124  9:10  Mutalisk  
  124  9:13  Mutalisk  
  124  9:14  Zergling x2  
  124  9:16  Zergling x6  
  129  9:18  Zergling x2  
  129  9:19  Zergling x4  
  129  9:20  Zergling x2  
  129  9:23  Zergling x2  
Tags
 
Add a new tag
Caveats
  • Supply blocks, unpowered buildings, or Contaminate may cause inaccurate times.
  • Supply counts are checked every 10 seconds.